AoeStats
← Gumar

Nomad

509454404Analyzed
2v2 RM · 6d ago on Sep 26, 2026· 38m 32s· 4 players
Game mode
Random Map
Map size
176×176
Population
200
Speed
Normal
Resources
Standard
Victory
Conquest
Starting age
Dark Age
Ending age
Imperial Age
RankedLock teamsTeams togetherTeam positionsShared explorationLock speedFull tech treeHidden civsTurbo modeCheats
Victory
Defeat
🇺🇸 Chinese · United States
668
+13
🇺🇸 Inca · United States
653
+13
🇵🇱 Poles · Poland
637
-15
🇺🇸 Italians · United States
550
-11
THATgoogoo88
15:54 Feudal Age
15:59 Man-at-Arms
27:20 Castle Age
29:51 Double-Bit Axe
Gumar
19:01 Feudal Age
19:48 Horse Collar
20:36 Double-Bit Axe
30:55 Castle Age
32:43 Heavy Plow
33:13 Bow Saw
33:03 Fletching
33:14 Padded Archer Armor
33:09 Elite Skirmisher
33:10 Crossbowman
35:36 Light Cavalry
ELFLAMINGO5976
16:42 Feudal Age
16:57 Champi Runner
27:47 Castle Age
29:12 Pikeman
29:52 Squires
31:50 Champi Warrior
34:08 Horse Collar
34:13 Double-Bit Axe
34:46 Loom
35:38 Wheelbarrow
Chri6tina x
4:38 Loom
16:45 Feudal Age
18:50 Wheelbarrow
17:37 Man-at-Arms
22:44 Gold Mining
24:10 Double-Bit Axe
25:09 Horse Collar
29:32 Forging
29:20 Fletching
33:34 Castle Age
34:59 Crossbowman
35:08 Pikeman
37:17 Bodkin Arrow
37:22 Padded Archer Armor
37:43 Hand Cart
Connection lost

Rejoining the realm…

Still unreachable

The connection could not be restored.

Session expired

The server has moved on; the page needs a fresh start.